Map: Automaton LE

Players

Lambo - Winner!

  • Race: Zerg Zerg
  • League: Grandmaster
  • Spawn Location: 9:00

Cham

  • Race: Zerg Zerg
  • League: Grandmaster
  • Spawn Location: 3:00

VOD

Have the link to the VOD?

Description

Time

  • Played on: Jan. 7, 2019, 4:05 p.m.
  • Length: 10:04
Show
View Real Time Build Order
Export as new Build Order

Lambo Zerg - Winner!

Build Orders: Hatch First 

Get SALT Encoding   

  12  0:01  Drone  
  13  0:12  Overlord  
  13  0:18  Drone  
  14  0:31  Drone x2  
  16  0:49  Hatchery  
  15  0:53  Drone  
  16  0:57  Drone  
  16  1:00  Drone  
  18  1:11  Extractor  
  18  1:16  Spawning Pool  
  16  1:19  Drone  
  17  1:27  Drone  
  17  1:32  Drone  
  19  1:40  Drone  
  20  1:52  Drone  
  21  2:02  Queen x2, Drone  
  21  2:03  Overlord  
  26  2:12  Drone x2  
  28  2:16  Metabolic Boost  
  30  2:22  Zergling x4  
  30  2:34  Drone  
  31  2:39  Hatchery  
  31  2:41  Drone  
  31  2:44  Drone  
  32  2:53  Baneling Nest  
  32  2:54  Drone  
  32  2:59  Overlord  
  32  3:02  Drone  
  32  3:04  Drone  
  34  3:12  Drone  
  35  3:13  Drone  
  35  3:18  Zergling x6  
  35  3:19  Zergling x2  
  40  3:20  Drone  
  40  3:22  Overlord  
  40  3:26  Drone  
  42  3:30  Evolution Chamber  
  42  3:34  Queen  
  41  3:37  Baneling x3  
  41  3:38  Baneling  
  41  3:40  Zergling x2  
  41  3:41  Zergling x2  
  44  3:45  Zergling x4  
  44  3:48  Overlord  
  46  3:54  Drone x3  
  49  3:57  Zergling x2  
  49  3:58  Drone  
  51  4:06  Drone x2  
  53  4:10  Drone x3  
  56  4:17  Drone x2  
  56  4:18  Drone x3  
  56  4:20  Drone  
  56  4:22  Extractor  
  56  4:23  Extractor, Zerg Missile Weapons Level 1  
  60  4:27  Drone x2  
  60  4:38  Drone x2  
  60  4:39  Drone x2  
  60  4:44  Roach Warren  
  63  4:47  Overlord  
  63  4:50  Drone x2  
  63  4:52  Overlord  
  65  4:55  Overlord  
  65  4:56  Lair  
  65  5:03  Zergling x2  
  64  5:07  Drone x6  
  64  5:09  Drone  
  64  5:13  Pneumatized Carapace, Drone x2  
  64  5:14  Drone x2  
  74  5:17  Extractor x2  
  74  5:18  Drone  
  74  5:19  Drone x2  
  74  5:20  Drone  
  76  5:22  Drone  
  77  5:28  Extractor  
  77  5:29  Roach  
  77  5:30  Roach x3  
  77  5:32  Baneling x2  
  83  5:39  Roach x3  
  89  5:49  Overlord  
  89  5:54  Overlord  
  89  6:00  Overseer  
  89  6:01  Overlord  
  89  6:04  Overlord  
  89  6:07  Glial Reconstitution  
  89  6:08  Overlord  
  89  6:09  Spire  
  88  6:14  Overlord  
  88  6:17  Baneling x2  
  88  6:19  Overlord  
  88  6:21  Hatchery, Spire  
  88  6:23  Zerg Missile Weapons Level 2  
  87  6:25  Drone  
  87  6:26  Drone  
  87  6:30  Roach x6  
  101  6:35  Roach x2  
  101  6:36  Roach x2  
  109  6:46  Roach x2  
  109  6:47  Roach x3, Overlord  
  119  6:51  Roach x2  
  123  6:57  Roach x4  
  131  7:05  Overlord  
  131  7:06  Roach  
  133  7:09  Overlord  
  133  7:10  Roach x3  
  133  7:13  Ravager  
  133  7:14  Roach  
  133  7:15  Roach x2  
  132  7:33  Overlord x2  
  132  7:34  Mutalisk  
  132  7:35  Mutalisk x3  
  126  7:41  Mutalisk  
  121  7:47  Drone x10  
  131  7:52  Drone x3  
  134  7:59  Drone  
  134  8:00  Drone  
  134  8:02  Roach x2  
  134  8:04  Ravager  
  141  8:08  Ravager  
  141  8:09  Extractor  
  141  8:11  Roach x4  
  149  8:17  Roach x2  
  153  8:21  Ravager  
  153  8:24  Roach x4  
  162  8:29  Overlord  
  162  8:30  Drone  
  162  8:31  Drone  
  162  8:32  Drone  
  165  8:35  Drone x2  
  167  8:42  Roach x4  
  175  8:51  Roach x4  
  175  8:52  Ravager x2  
  185  9:01  Overlord  
  185  9:03  Roach x3  
  191  9:10  Overlord  
  191  9:11  Overlord  
  191  9:13  Ravager  
  191  9:16  Roach x2  
  191  9:17  Roach x3  
  191  9:21  Roach x2  
  191  9:22  Roach  
  191  9:23  Overlord  
  195  9:27  Overlord x2  
  195  9:30  Overlord  
  195  9:35  Roach x6  
  198  9:43  Roach x3  
Show
View Real Time Build Order
Export as new Build Order

Cham Zerg 

Build Orders: Hatch First 

Get SALT Encoding   

  12  0:00  Drone  
  13  0:09  Drone  
  14  0:18  Overlord  
  14  0:38  Drone  
  15  0:47  Drone x2  
  17  0:53  Hatchery  
  16  0:57  Drone  
  16  1:03  Drone  
  18  1:04  Extractor  
  17  1:17  Spawning Pool  
  16  1:22  Drone x2  
  18  1:34  Drone  
  19  1:52  Overlord  
  19  2:07  Queen x2, Metabolic Boost  
  23  2:09  Zergling x4  
  23  2:14  Drone  
  26  2:17  Drone  
  26  2:18  Drone  
  28  2:27  Drone x2  
  30  2:42  Hatchery  
  29  2:49  Baneling Nest  
  29  2:50  Drone  
  29  2:53  Drone  
  30  2:58  Drone  
  30  2:59  Drone  
  30  3:04  Zergling x4  
  34  3:09  Overlord  
  34  3:18  Drone x2  
  36  3:24  Overlord  
  36  3:33  Drone x2  
  36  3:34  Drone x3  
  40  3:37  Drone  
  40  3:39  Drone  
  43  3:43  Queen  
  43  3:47  Drone x2  
  47  3:51  Drone  
  47  3:53  Drone x2  
  50  3:59  Overlord, Drone  
  50  4:01  Drone  
  52  4:03  Baneling x2  
  52  4:06  Zergling x2  
  52  4:07  Zergling x4  
  52  4:09  Zergling x2  
  55  4:11  Baneling  
  55  4:12  Baneling  
  55  4:16  Zergling x4  
  57  4:18  Zergling x2  
  57  4:19  Zergling x2  
  59  4:24  Roach Warren  
  59  4:26  Baneling  
  59  4:28  Zergling x4  
  59  4:29  Drone x2  
  62  4:35  Drone  
  62  4:37  Drone  
  62  4:38  Drone  
  63  4:40  Overlord, Drone  
  63  4:41  Drone  
  65  4:49  Lair  
  65  4:51  Extractor  
  65  4:52  Extractor, Drone x2  
  65  4:53  Evolution Chamber, Drone x2  
  67  5:00  Drone x5  
  67  5:02  Drone  
  68  5:08  Drone  
  68  5:12  Zergling x4  
  70  5:14  Pneumatized Carapace  
  70  5:15  Drone  
  70  5:19  Extractor, Drone  
  70  5:21  Drone  
  71  5:27  Overlord  
  71  5:30  Extractor x2  
  71  5:31  Overlord, Drone  
  71  5:33  Zerg Missile Weapons Level 1  
  70  5:36  Drone x2  
  70  5:38  Overlord x2  
  70  5:40  Hatchery  
  70  5:41  Overlord  
  71  5:46  Drone x2  
  71  5:48  Glial Reconstitution  
  73  5:51  Drone x4  
  73  5:54  Drone x2  
  79  5:59  Roach x2  
  79  6:03  Drone  
  84  6:05  Roach x2, Overlord  
  84  6:07  Roach  
  90  6:12  Roach  
  90  6:13  Roach  
  90  6:18  Overlord  
  94  6:19  Roach x3  
  94  6:20  Roach x2  
  94  6:24  Overlord x2  
  94  6:25  Roach  
  106  6:29  Overlord  
  106  6:32  Roach  
  108  6:34  Overlord  
  108  6:35  Roach  
  108  6:36  Roach  
  108  6:37  Overlord  
  112  6:41  Overlord  
  112  6:46  Roach x2  
  116  6:49  Roach x2  
  116  6:50  Overlord  
  116  6:51  Roach  
  116  6:52  Roach  
  124  6:56  Roach x2, Hydralisk Den  
  124  6:58  Overlord  
  124  7:00  Roach  
  129  7:03  Roach  
  129  7:04  Roach  
  133  7:08  Roach  
  133  7:11  Roach  
  137  7:21  Roach x9  
  152  7:23  Roach  
  152  7:25  Roach  
  152  7:29  Roach x2  
  159  7:32  Roach x2  
  159  7:37  Roach x2  
  144  7:39  Roach  
  144  7:40  Roach  
  137  7:45  Hydralisk x2  
  137  7:46  Hydralisk  
  139  7:51  Grooved Spines  
  139  7:52  Hydralisk  
  139  7:54  Roach  
  139  7:56  Roach  
  141  7:58  Hydralisk  
  141  8:01  Spore Crawler  
  141  8:02  Hydralisk  
  144  8:06  Hydralisk  
  144  8:09  Spore Crawler  
  144  8:12  Hydralisk x2  
  149  8:22  Hydralisk x2  
  149  8:25  Hydralisk  
  155  8:28  Hydralisk  
  155  8:33  Hydralisk  
  159  8:38  Roach x2  
  159  8:40  Overlord  
  163  8:43  Roach  
  163  8:50  Roach  
  163  8:53  Roach x3  
  170  8:56  Roach x2  
  170  8:59  Roach  
  170  9:01  Roach  
  178  9:03  Roach  
  178  9:08  Roach x2  
  178  9:09  Roach  
  186  9:13  Ravager x3  
  186  9:16  Roach x2  
  193  9:17  Zergling x2  
  192  9:29  Roach x3  
  192  9:30  Roach x3  
  192  9:37  Roach x4  
Tags
 
Add a new tag
Caveats
  • Supply blocks, unpowered buildings, or Contaminate may cause inaccurate times.
  • Supply counts are checked every 10 seconds.